 Seeded DCSS version 0.26.1-2-gb8aa6d0cf2 (webtiles) character file.

Game seed: 7079568064861183577 (custom seed)

197 xoxohorses the Ruffian (level 5, -1/53 HPs)
             Began as a Troll Berserker on Mar 21, 2021.
             Was a Believer of Trog.
             Slain by an orc
             ... wielding a +0 whip
              (4 damage)
             ... on level 3 of the Dungeon.
             The game lasted 00:03:09 (1498 turns).

xoxohorses the Ruffian (Troll Berserker)            Turns: 1498, Time: 00:03:09

Health: -1/53      AC:  6    Str: 32    XL:     5   Next: 46%
Magic:  4/4        EV: 10    Int:  3    God:    Trog [**....]
Gold:   163        SH:  5    Dex:  9    Spells: 4/4 levels left

rFire    . . .     SeeInvis .     - Unarmed
rCold    . . .     Faith    .   (no shield)
rNeg     . . .     Spirit   .   a - +0 animal skin
rPois    .         Reflect  +   (helmet restricted)
rElec    .         Harm     .   (no cloak)
rCorr    .         Rampage  .   (gloves unavailable)
Will     .....                  (boots unavailable)
Stlth    +.........             f - amulet of reflection
HPRegen  0.57/turn              g - +6 ring of strength
MPRegen  0.09/turn              k - ring of flight

@: no status effects
A: large, unfitting armour, claws 3, regeneration 1, shaggy fur 1, tough skin 3
a: Renounce Religion, Evoke Flight, Berserk, Trog's Hand


You were on level 3 of the Dungeon.
You worshipped Trog.
Trog was pleased with you.
You visited 1 branch of the dungeon, and saw 3 of its levels.

You collected 163 gold pieces.

Inventory:

Armour
 a - a +0 animal skin (worn)
Jewellery
 f - an amulet of reflection (around neck)
 g - a +6 ring of strength (left claw)
 k - a ring of flight (right claw)
Scrolls
 b - 5 scrolls of identify {unknown}
 c - a scroll of enchant weapon {unknown}
 e - 2 scrolls of remove curse {unknown}
 m - a scroll of amnesia {unknown}
Potions
 d - 3 potions of heal wounds {unknown}
 h - a potion of berserk rage {unknown}
 i - a potion of curing {unknown}
 j - 2 potions of might {unknown}
 l - a potion of flight {unknown}


   Skills:
 + Level 3.1 Fighting
 + Level 3.3 Dodging
 + Level 1.3 Shields
 + Level 4.5 Unarmed Combat


You had 4 spell levels left.
You didn't know any spells.
Your spell library was empty.

Dungeon Overview and Level Annotations

Branches:
Dungeon (3/15)

Altars:
Ashenzari
Okawaru
Xom


Innate Abilities, Weirdness & Mutations

You are too large for most types of armour.
You have claws for hands.
Your natural rate of healing is unusually fast.
You are covered in fur. (AC +1)
You have extremely tough skin. (AC +3)


Message History

You block the giant cockroach's attack.
The jackal bites you but does no damage. x2
The goblin hits you but does no damage. The orc hits you with a +0 whip.
* * * LOW HITPOINT WARNING * * *
The giant cockroach closely misses you. You block the jackal's attack.
The jackal barely misses you. The jackal closely misses you.
The giant cockroach bites you but does no damage.
The goblin closely misses you. The orc hits you but does no damage.
The jackal bites you.
* * * LOW HITPOINT WARNING * * *
The jackal bites you.
* * * LOW HITPOINT WARNING * * *
The giant cockroach closely misses you.
The jackal bites you but does no damage.
The goblin barely misses you. The orc closely misses you.
The jackal bites you but does no damage. x2
The giant cockroach bites you but does no damage.
The goblin misses you. The orc hits you with a +0 whip.
You die...

.........
.........
........## ####
.........##..>.
#.#............
........>......
......Bgh......
.......@hb.?...
........o......
...............
...............
..#......<.....
# ##...........
.......#####
.........


You could see an orc, 2 jackals, a giant cockroach, a goblin and a bat.

Vanquished Creatures
  Natasha (thrice) (D:2)
  Terence (D:1)
  Robin (D:2)
  3 gnolls (D:2)
  4 dart slugs
  A leopard gecko (D:2)
  5 giant cockroaches
  13 goblins
  9 hobgoblins
  A kobold (D:2)
  3 quokkas (D:2)
  3 bats (D:2)
  A frilled lizard (D:1)
  A rat (D:2)
49 creatures vanquished.

Notes
Turn   | Place    | Note
-------+----------+-------------------------------------------
     0 | D:1      | xoxohorses the Troll Berserker began the quest for the Orb.
     0 | D:1      | Reached XP level 1. HP: 22/22 MP: 0/0
   282 | D:1      | Reached XP level 2. HP: 29/29 MP: 1/1
   589 | D:2      | Found a broken altar of Ashenzari.
   645 | D:2      | Noticed Robin
   647 | D:2      | Noticed Terence
   667 | D:2      | Killed Robin
   668 | D:2      | Reached XP level 3. HP: 11/36 MP: 2/2
   700 | D:1      | Killed Terence
   765 | D:2      | Reached XP level 4. HP: 44/44 MP: 3/3
   769 | D:2      | Noticed Natasha
   772 | D:2      | Reached ** piety under Trog
   779 | D:2      | Killed Natasha
   780 | D:2      | Reached skill level 4 in Unarmed Combat
   923 | D:2      | Noticed Natasha
   928 | D:2      | Killed Natasha
   929 | D:2      | Reached skill level 1 in Shields
  1007 | D:2      | Reached XP level 5. HP: 53/53 MP: 4/4
  1047 | D:2      | Found an iron altar of Okawaru.
  1083 | D:2      | Found a shimmering altar of Xom.
  1086 | D:2      | Found a shimmering altar of Xom.
  1087 | D:2      | Found a shimmering altar of Xom.
  1098 | D:2      | Noticed Natasha
  1104 | D:2      | Killed Natasha
  1497 | D:3      | HP: 2/53 [jackal (1)]
  1498 | D:3      | Slain by an orc

Illustrated notes

Levels and vault maps discovered:
D:1:      dpeg_arrival_shelter, layout_basic
D:2:      layout_loops_ring, okawaru_gym_becter, ashenzari_conservatory_becter,
          xom_redecorated, uniq_natasha, uniq_terence, uniq_robin
D:3:      layout_rooms, minmay_misc_feat_four_crosses

Skill      XL: |  1  2  3  4 |
---------------+-------------+-----
Dodging        | 3 |  3.3
Unarmed Combat | 4 |  4.5
Fighting       | 3 |  3.1
Shields        | 1 |  1.3

Action                   |  1- 3 |  4- 6 || total
-------------------------+-------+-------++-------
Melee: Unarmed           |    56 |    51 ||   107
       Punch             |       |     1 ||     1
Invok: Berserk           |     2 |       ||     2
Armor: Animal skin       |    27 |   135 ||   162
Dodge: Dodged            |    40 |   211 ||   251
Block: Other             |    17 |    76 ||    93
